 Dungeon Sprint DCSS version 0.30.1 (webtiles) character file.

Game seed: 13119699880923406430

86 boopmooplesden the Twirler (level 4, -5/43 HPs)
             Began as a Gargoyle Gladiator on July 14, 2023.
             Was a Follower of Trog.
             Slain by a wolf (6 damage)
             ... in the Dungeon (Sprint V: "Ziggurat Sprint").
             The game lasted 00:00:40 (84 turns).

boopmooplesden the Twirler (Gargoyle Gladiator)       Turns: 84, Time: 00:00:40

Health: -5/43      AC: 22    Str: 20    XL:     4   Next: 49%
Magic:  4/4        EV:  3    Int:  8    God:    Trog [*.....]
Gold:   0          SH:  0    Dex: 11    Spells: 3/3 levels left

rFire   + . .        m - +5 lajatang
rCold   + . .        (shield currently unavailable)
rNeg    + . .        l - +5 gold dragon scales
rPois   ∞            c - +0 helmet
rElec   +            (no cloak)
rCorr   .            (no gloves)
SInv    .            (no boots)
Will    .....        (no amulet) Stlth
                     (no ring)
HPRegen 0.27/turn    (no ring)
MPRegen 0.09/turn

%: no teleportation
@: berserking, very quick
A: sickness immunity, AC +3, negative energy resistance 1, electricity
resistance, torment resistance 1, petrification resistance
a: Renounce Religion, Berserk


You were in the Dungeon.
You worshipped Trog.
Trog was aware of your devotion.
You visited 1 branch

Inventory:

Hand Weapons
 a - a +0 quarterstaff
 m - a +5 lajatang (weapon)
Missiles
 d - 3 throwing nets (quivered)
 e - a javelin
Armour
 b - a +0 leather armour
 c - a +0 helmet (worn)
 l - +5 gold dragon scales (worn)
Jewellery
 z - a ring of flight
 A - a +6 ring of dexterity
 B - a +6 ring of dexterity
 C - a +6 ring of intelligence
 D - a +6 ring of intelligence
 E - a +6 ring of strength
 F - a +6 ring of strength
 H - a +5 ring of evasion
Wands
 w - a wand of mindburst (7)
 x - a wand of iceblast (7)
 y - a wand of quicksilver (7)
 G - a wand of digging (6)
Scrolls
 k - 4 scrolls of blinking
 s - 4 scrolls of amnesia
 t - 7 scrolls of fog
 u - 5 scrolls of identify
 v - 2 scrolls of fear
Potions
 f - 10 potions of curing
 g - 14 potions of heal wounds
 h - 6 potions of haste
 i - 7 potions of magic
 j - 2 potions of berserk rage
 n - 2 potions of brilliance
 o - 2 potions of invisibility
 p - 4 potions of resistance
 q - a potion of experience
 r - 5 potions of might


   Skills:
 + Level 3.8 Fighting
 + Level 6.2 Staves
 + Level 2.9 Throwing
 + Level 1.1 Armour
 + Level 4.7 Dodging


You had 3 spell levels left.
You didn't know any spells.
Your spell library was empty.

Dungeon Overview and Level Annotations

Branches:
Dungeon (1/1)

Altars:
Ashenzari
Cheibriados
Dithmenos
Elyvilon
Fedhas
Gozag
Hepliaklqana
Kikubaaqudgha
Makhleb
Nemelex Xobeh
Okawaru
Qazlal
Ru
Sif Muna
Trog
Uskayaw
Vehumet
Wu Jian
Xom
Yredelemnul
Zin
The Shining One
Jiyva
Lugonu

Annotations:
D 1 transporter


Innate Abilities, Weirdness & Mutations

You are immune to sickness and miasma.
Your stone body is resilient. (AC +3)
You are immune to poison.
You resist negative energy. (rN+)
You are resistant to electric shocks. (rElec)
You are resistant to unholy torment.
You are immune to petrification.


Message History

The wolf bites you. The wolf bites you but does no damage.
The spriggan hits you with a +0 dagger.
You slice the wolf!!
You kill the wolf!
Trog accepts your kill.
You can now go berserk at will.
The wolf bites you but does no damage.
The spriggan hits you but does no damage.
The wolf bites you.
Your Fighting skill increases to level 3!
Your Staves skill gained 3 levels and is now at level 6!
Your Throwing skill increases to level 2!
Your Armour skill increases to level 1!
Your Dodging skill gained 2 levels and is now at level 4!
You have reached level 2!
You have reached level 3!
Your experience leads to an increase in your attributes!
Increase (S)trength, (I)ntelligence, or (D)exterity?
You feel stronger. x2
You have reached level 4!
You feel stronger.
You slash the spriggan!
The spriggan is moderately wounded.
The wolf bites you.
You miss the spriggan.
The spriggan is moderately wounded.
The spriggan hits you with a +0 dagger! The wolf bites you but does no damage.
You barely miss the spriggan.
The spriggan is moderately wounded.
The wolf bites you but does no damage.
The spriggan hits you but does no damage.
You closely miss the spriggan.
The spriggan is moderately wounded.
The wolf bites you!
* * * LOW HITPOINT WARNING * * *
The wolf bites you but does no damage. The spriggan hits you with a +0 dagger!
* * * LOW HITPOINT WARNING * * *
You completely miss the spriggan.
The spriggan is moderately wounded.
The wolf bites you.
You die...

▓▓▓▓▓▓▓▓▓▓▓▓▓
▓.8©8.▓.8©8.▓
▓.?=[.▓.....▓
▓.....▓.....▓
▓.....▓.....▓
▓.....▓.....▓
▓...h.▓..©..▓
▓..@i.▓▓▓▓▓▓▓
▓▓▓▓▓▓▓


You could see a spriggan and a wolf.

Vanquished Creatures
  A wolf (D)
  2 ball pythons (D)
3 creatures vanquished.

Notes
Turn   | Place    | Note
-------+----------+-------------------------------------------
     0 | D        | boopmooplesden the Gargoyle Gladiator began the quest for
                  | the Orb.
     0 | D        | Reached XP level 1. HP: 12/12 MP: 1/1
    13 | D        | Found a blossoming altar of Fedhas.
    13 | D        | Found the +6 Majin-Bo {spellvamp, MP+6 Int+6}
    13 | D        | Found the +27 heavy crossbow "Sniper" {heavy, Acc+∞ SInv}
    13 | D        | Found the +10 dark maul {heavy}
    13 | D        | Found the +15 Maxwell's patent armour {-Cast -Tele rElec
                  | Will+ rCorr}
    13 | D        | Found the +18 shield of the Gong {Loud rN+ Will+ rCorr
                  | EV-5}
    13 | D        | Found the +16 obsidian axe {drain, demonic, Mesm Drain Fly
                  | SInv}
    13 | D        | Found the +7 great mace "Firestarter" {flame, immolate,
                  | rFlCloud rF++}
    13 | D        | Found the +6 shillelagh "Devastator" {shatter}
    13 | D        | Found the +11 plutonium sword {Contam Stlth-}
    13 | D        | Found the +8 lance "Wyrmbane" {slay drac, rPois rF+ rC+
                  | AC+3}
    13 | D        | Found the +9 sword of Zonguldrok {reap}
    13 | D        | Found the +13 scythe of Curses {drain, curses, Drain}
    13 | D        | Found the +9 sword of Power {lifebolt}
    13 | D        | Found the +7 mace of Variability {chaos, chaos arc}
    13 | D        | Found the +11 Singing Sword {sonic wave}
    13 | D        | Found the +8 storm bow {elec, penet}
    14 | D        | Found a viscous altar of Jiyva.
    14 | D        | Found a hazy altar of Hepliaklqana.
    14 | D        | Found a transporter.
    14 | D        | Found an opulent altar of Gozag.
    14 | D        | Found an ancient bone altar of Kikubaaqudgha.
    14 | D        | Found a corrupted altar of Lugonu.
    21 | D        | Found a burning altar of Makhleb.
    23 | D        | Found a shimmering blue altar of Sif Muna.
    23 | D        | Found a sacrificial altar of Ru.
    23 | D        | Found a bloodstained altar of Trog.
    23 | D        | Found a stormy altar of Qazlal.
    23 | D        | Found an iron altar of Okawaru.
    23 | D        | Found a sparkling altar of Nemelex Xobeh.
    46 | D        | Became a worshipper of Trog the Wrathful
    58 | D        | Entered arena 2.
    58 | D        | Found a transporter.
    74 | D        | Entered arena 3.
    74 | D        | Noticed a wolf
    74 | D        | Noticed a wolf
    74 | D        | Noticed a spriggan
    74 | D        | Found a transporter.
    79 | D        | Killed a wolf
    79 | D        | Reached * piety under Trog
    80 | D        | Reached skill level 6 in Staves
    80 | D        | Reached skill level 1 in Armour
    80 | D        | Reached XP level 2. HP: 18/20 MP: 2/2
    80 | D        | Reached XP level 3. HP: 22/24 MP: 3/3
    80 | D        | Reached XP level 4. HP: 26/29 MP: 4/4
    83 | D        | HP: 1/43 [spriggan/+0 dagger (7)]
    84 | D        | Slain by a wolf

Illustrated notes

Levels and vault maps discovered:
D:        sprint_v [room_start, room_1, room_2, room_3, room_4, room_5, room_6,
          room_7, room_8, room_9, room_10, room_11, room_12, room_13, room_14,
          room_15, room_16, room_17, room_18, room_19, room_20, room_21,
          room_22, room_23, room_24, room_25, room_26, room_27]

Skill      XL: |  1 |
---------------+----+-----
Fighting       | 3 |  3.8
Staves         | 6 |  6.2
Throwing       | 2 |  2.9
Armour         | 1 |  1.1
Dodging        | 4 |  4.7

Action                     |  1- 3 |  4- 6 || total
---------------------------+-------+-------++-------
  Melee: Lajatang          |     8 |     5 ||    13
    Use: Potion            |     1 |       ||     1
 Armour: Gold dragon scale |    14 |     4 ||    18
  Dodge: Dodged            |     3 |       ||     3
